AoeStats
← 鄙人張麻子

Black Forest

503760233Analyzed
4v4 RM · 1mo ago on Sep 2, 2026· 41m 46s· 8 players
Game mode
Random Map
Map size
Large (8 player)
Population
200
Speed
Normal
Resources
Standard
Victory
Conquest
Starting age
Dark Age
Ending age
Imperial Age
RankedLock teamsTeams togetherTeam positionsShared explorationLock speedFull tech treeHidden civsTurbo modeCheats
Victory
Defeat
🇦🇺 Mongols · Australia
1224
+14
🇺🇸 Franks · United States
1176
+16
🇺🇸 Cumans · United States
1153
+17
🇨🇦 Britons · Canada
1146
+17
🇦🇷 Teutons · Argentina
1237
-19
🇹🇼 Japanese · Taiwan
1189
-17
🇺🇸 Vietnamese · United States
1148
-15
🇦🇷 Saracens · Argentina
1137
-14
El Fantasma de Pancho Villa
4:48 Loom
13:39 Feudal Age
14:38 Double-Bit Axe
15:10 Man-at-Arms
16:30 Scale Mail Armor
17:20 Forging
24:24 Wheelbarrow
24:16 Horse Collar
30:42 Castle Age
31:40 Hand Cart
31:10 Town Watch
35:30 Imperial Age
33:12 Bow Saw
33:14 Heavy Plow
33:46 Scale Barding Armor
34:16 Iron Casting
34:56 Bloodlines
34:08 Light Cavalry
35:48 Chain Barding Armor
36:08 Elite Steppe Lancer
37:24 Plate Barding Armor
37:49 Blast Furnace
36:44 Gold Mining
37:22 Hussar
38:47 Conscription
39:34 Gold Shaft Mining
iamjackscolon
0:54 Loom
13:16 Feudal Age
16:36 Double-Bit Axe
17:23 Fletching
20:28 Gold Mining
22:14 Town Watch
23:39 Wheelbarrow
27:24 Castle Age
26:31 Stone Mining
29:51 Bow Saw
31:30 Hand Cart
40:17 Imperial Age
38:55 Scale Barding Armor
39:01 Forging
39:09 Caravan
41:04 Chain Barding Armor
41:20 Iron Casting
40:22 Cavalier
41:36 Husbandry
41:41 Bodkin Arrow
42:14 Conscription
Hungry Hippo
1:13 Loom
12:10 Feudal Age
17:14 Castle Age
15:32 Double-Bit Axe
15:34 Horse Collar
21:34 Bow Saw
24:08 Pikeman
27:12 Fletching
27:23 Padded Archer Armor
27:34 Forging
28:00 Bodkin Arrow
33:08 Imperial Age
31:42 Gold Mining
32:42 Leather Archer Armor
33:06 Scale Mail Armor
33:41 Iron Casting
33:43 Squires
33:29 Arson
34:52 Wheelbarrow
34:03 Town Watch
36:12 Two-Man Saw
36:00 Conscription
36:04 Town Patrol
36:36 Ballistics
36:16 Stone Mining
37:04 Gold Shaft Mining
37:36 Fortified Wall
37:22 Murder Holes
38:36 Chemistry
38:38 Heavy Plow
38:09 Elite Longbowman
40:58 Hoardings
40:25 Bracer
40:41 Chain Mail Armor
41:16 Ring Archer Armor
41:58 Masonry
41:29 Treadmill Crane
Jimi
9:44 Feudal Age
14:28 Castle Age
13:04 Double-Bit Axe
13:05 Horse Collar
15:10 Heavy Plow
16:16 Loom
16:58 Bow Saw
22:07 Wheelbarrow
22:52 Stone Mining
22:53 Gold Mining
24:40 Hand Cart
25:47 Stone Shaft Mining
31:31 Imperial Age
28:54 Fletching
29:05 Padded Archer Armor
29:50 Gold Shaft Mining
30:01 Bodkin Arrow
30:28 Ballistics
30:46 Leather Archer Armor
31:18 Bloodlines
31:08 Husbandry
31:19 Thumb Ring
32:18 Bracer
33:21 Chemistry
32:53 Conscription
34:19 Parthian Tactics
33:16 Light Cavalry
33:59 Murder Holes
34:12 Town Watch
34:09 Elite Mangudai
35:07 Hussar
36:00 Scale Barding Armor
36:48 Forging
37:53 Chain Barding Armor
38:11 Iron Casting
39:03 Siege Engineers
40:01 Blast Furnace
40:35 Hoardings
40:23 Drill
Iggy
1:47 Loom
13:12 Feudal Age
16:18 Double-Bit Axe
16:14 Horse Collar
17:07 Fletching
17:57 Wheelbarrow
17:09 Town Watch
28:41 Castle Age
28:58 Forging
28:50 Man-at-Arms
29:30 Gambesons
31:42 Hand Cart
35:17 Bloodlines
36:10 Gold Mining
37:46 Scale Barding Armor
39:15 Chain Barding Armor
鄙人張麻子
0:31 Loom
12:48 Feudal Age
16:41 Castle Age
14:40 Horse Collar
15:00 Double-Bit Axe
17:31 Heavy Plow
17:43 Bow Saw
QuesoRuso
3:11 Loom
11:12 Feudal Age
15:33 Castle Age
14:33 Double-Bit Axe
15:52 Gold Mining
15:43 Horse Collar
17:14 Heavy Plow
26:29 Forging
27:28 Scale Mail Armor
32:07 Imperial Age
30:51 Wheelbarrow
30:01 Town Watch
31:17 Chain Mail Armor
31:06 Fletching
32:41 Iron Casting
33:20 Conscription
33:49 Bloodlines
33:44 Husbandry
33:10 Light Cavalry
35:24 Fortified Wall
36:12 Plate Mail Armor
36:14 Bow Saw
37:32 Blast Furnace
36:24 Fletching
36:35 Padded Archer Armor
37:53 Hand Cart
37:17 Elite Skirmisher
38:17 Leather Archer Armor
38:09 Onager
40:12 Chemistry
38:40 Imperial Skirmisher
41:09 Two-Man Saw
40:53 Ring Archer Armor
40:19 Bodkin Arrow
Sonhero1
2:01 Loom
14:00 Feudal Age
20:14 Castle Age
19:21 Horse Collar
19:27 Double-Bit Axe
20:22 Gold Mining
21:47 Bow Saw
23:37 Wheelbarrow
26:42 Hand Cart
28:39 Town Watch
29:35 Forging
29:25 Scale Mail Armor
30:14 Heavy Plow
30:55 Iron Casting
30:30 Squires
30:24 Stone Mining
31:43 Caravan
32:50 Chain Mail Armor
36:04 Imperial Age
34:41 Fletching
34:51 Padded Archer Armor
35:01 Town Patrol
36:04 Bodkin Arrow
36:24 Leather Archer Armor
38:17 Chemistry
37:37 Ballistics
39:15 Two-Man Saw
38:16 Elite Skirmisher
39:02 Thumb Ring
39:04 Elite Fire Lancer
39:05 Pikeman
40:20 Bracer
40:50 Ring Archer Armor
40:27 Scale Barding Armor
41:12 Guilds
Connection lost

Rejoining the realm…

Still unreachable

The connection could not be restored.

Session expired

The server has moved on; the page needs a fresh start.